Map: Lerilak Crest

Players

LiquidSnute (Snute) - Winner!

  • Race: Zerg Zerg
  • League: Grandmaster

Lilbow

  • Race: Protoss Protoss
  • League: Grandmaster

Event: 2016 WCS Winter Challenger Europe

VOD

Have the link to the VOD?

Description

Time

  • Played on: Feb. 14, 2016, 10:13 a.m.
  • Length: 3:41

All games in this series

Show
View Real Time Build Order
Export as new Build Order

LiquidSnute Zerg - Winner!

Build Orders: Hatch First 

Get SALT Encoding   

  12  0:01  Drone  
  13  0:12  Overlord  
  13  0:17  Drone  
  14  0:30  Drone x2  
  14  0:34  Drone  
  17  0:52  Hatchery  
  17  0:54  Drone  
  17  0:57  Drone  
  17  1:00  Extractor  
  17  1:12  Spawning Pool  
  17  1:15  Drone  
  17  1:19  Drone  
  18  1:28  Drone  
  19  1:38  Overlord  
  19  1:59  Metabolic Boost, Queen  
  21  2:03  Queen  
  21  2:04  Zergling x4  
  21  2:07  Zergling x2  
  26  2:26  Hatchery  
  26  2:27  Zergling x2  
  26  2:30  Zergling x2  
  26  2:35  Zergling x4  
  29  2:42  Overlord  
  29  2:44  Zergling x2  
  30  2:48  Drone  
  30  2:50  Drone  
  32  2:54  Drone  
  33  2:59  Drone  
  34  3:08  Drone x4  
  34  3:10  Drone  
  40  3:12  Drone  
  40  3:18  Overlord  
Show
View Real Time Build Order
Export as new Build Order

Lilbow Protoss 

Build Orders: 1 Gate Expand 

Get SALT Encoding   

  12  0:01  Probe (Chrono Boost)  
  13  0:11  Probe (Chrono Boost)  
  14  0:17  Pylon  
  14  0:22  Probe (Chrono Boost)  
  15  0:35  Probe (Chrono Boost)  
  16  0:36  Gateway  
  16  0:46  Probe (Chrono Boost)  
  16  0:47  Assimilator  
  17  0:56  Probe (Chrono Boost)  
  18  1:07  Probe (Chrono Boost)  
  19  1:17  Probe (Chrono Boost)  
  20  1:25  Nexus  
  20  1:31  Cybernetics Core  
  20  1:36  Probe (Chrono Boost)  
  21  1:40  Assimilator  
  21  1:46  Probe (Chrono Boost)  
  22  1:52  Pylon  
  22  1:57  Probe (Chrono Boost)  
  23  2:10  Probe (Chrono Boost), Adept  
  26  2:20  Probe (Chrono Boost)  
  27  2:29  Stargate  
  27  2:31  Probe (Chrono Boost)  
  28  2:37  Probe (Chrono Boost), Adept  
  28  2:41  Probe (Chrono Boost)  
  32  2:48  Probe (Chrono Boost)  
  33  2:52  Probe (Chrono Boost)  
  35  2:58  Probe (Chrono Boost)  
  35  3:02  Probe (Chrono Boost)  
  35  3:03  Gateway  
  36  3:12  Probe (Chrono Boost)  
  37  3:15  Gateway  
  40  3:28  Pylon  
Tags
 
Add a new tag
Caveats
  • Supply blocks, unpowered buildings, or Contaminate may cause inaccurate times.
  • Supply counts are checked every 10 seconds.